 Dungeon Crawl Stone Soup version 0.28.0-45-g0d030f2227 (webtiles) character file.

Game seed: 7085269106529409247

10699 Woods the Martial Artist (level 11, -8/84 HPs)
             Began as a Gnoll Transmuter on Apr 5, 2022.
             Was an Elder of Cheibriados.
             Mangled by a brown ugly thing (17 damage)
             ... on level 12 of the Dungeon.
             The game lasted 00:23:30 (18391 turns).

Woods the Martial Artist (Gnoll Transmuter)        Turns: 18391, Time: 00:23:31

Health: -8/84      AC: -2    Str: 18    XL:     11   Next: 66%
Magic:  31/32      EV: 30    Int: 25    God:    Cheibriados [****..]
Gold:   670        SH:  0    Dex: 28    Spells: 13/26 levels left

rFire   . . .      SeeInvis +     - Unarmed
rCold   . . .      Faith    .   (shield currently unavailable)
rNeg    . . .      Spirit   .   (armour currently unavailable)
rPois   x          Reflect  .   (helmet currently unavailable)
rElec   .          Harm     .   (cloak currently unavailable)
rCorr   .          Rampage  .   (gloves currently unavailable)
Will    .....                   (boots currently unavailable)
Stlth   ++++......              I - amulet of the acrobat
HPRegen 0.24/turn               K - ring of magical power
MPRegen 0.23/turn               x - ring of see invisible

@: spider-form, corroded, very slow
A: venomous fangs, tiny, (fangs 1), strong nose, distributed training
a: End Transformation, Renounce Religion, Bend Time, Temporal Distortion, Slouch


You were on level 12 of the Dungeon.
You worshipped Cheibriados.
Cheibriados was greatly pleased with you.
You were a venomous arachnid creature.
You visited 2 branches of the dungeon, and saw 13 of its levels.

You collected 670 gold pieces.

Inventory:

Missiles
 M - a throwing net
Armour
 a - a +0 robe
 e - a +0 pair of boots (melded)
 f - a +0 cloak (melded)
 g - a +0 helmet (melded)
 k - a +2 robe of fire resistance
 t - an orb of light
 E - a scarf of invisibility
 G - +0 steam dragon scales (melded)
Jewellery
 w - a ring of flight
 x - a ring of see invisible (right front leg)
 I - an amulet of the acrobat (around neck)
 J - a ring of protection from fire
 K - a ring of magical power (left front leg)
Wands
 i - a wand of flame (28)
 p - a wand of paralysis (13)
 q - a wand of iceblast (12)
 H - a wand of acid (14)
 R - a wand of polymorph (5)
Scrolls
 h - a scroll of amnesia
 l - 2 scrolls of immolation
 m - 2 scrolls of enchant armour
 r - a scroll of magic mapping {unknown}
 s - a scroll of vulnerability {unknown}
 u - a scroll of enchant weapon {unknown}
 y - a scroll of fog {unknown}
 z - a scroll of blinking {unknown}
 L - a scroll of acquirement {unknown}
 O - 2 scrolls of silence {unknown}
 P - 2 scrolls of holy word {unknown}
Potions
 b - 2 potions of mutation
 c - 5 potions of heal wounds
 d - 2 potions of attraction
 j - a potion of resistance {unknown}
 n - a potion of might {unknown}
 o - a potion of berserk rage
 v - 2 potions of curing
 A - 2 potions of ambrosia {unknown}
 B - a potion of invisibility {unknown}
 C - a potion of degeneration {unknown}
 D - a potion of brilliance {unknown}
 Q - a potion of lignification {unknown}
Miscellaneous
 F - a condenser vane
 N - a phantom mirror


   Skills:
 + Level 7.0 Fighting
 + Level 6.5 Short Blades
 + Level 6.5 Long Blades
 + Level 6.5 Axes
 + Level 6.5 Maces & Flails
 + Level 6.5 Polearms
 + Level 6.5 Staves
 + Level 6.5 Slings
 + Level 6.5 Bows
 + Level 6.5 Crossbows
 + Level 6.5 Throwing
 + Level 6.5 Armour
 + Level 8.0 Dodging
 + Level 6.5 Stealth
 + Level 6.5 Shields
 + Level 9.3 Unarmed Combat
 + Level 8.3 Spellcasting
 + Level 5.4 Conjurations
 + Level 5.4 Hexes
 + Level 5.4 Summonings
 + Level 5.4 Necromancy
 + Level 5.4 Translocations
 + Level 6.7 Transmutations
 + Level 5.4 Fire Magic
 + Level 5.4 Ice Magic
 + Level 5.4 Air Magic
 + Level 5.4 Earth Magic
 + Level 5.4 Poison Magic
 + Level 7.1 Invocations
 + Level 6.5 Evocations


You had 13 spell levels left.
You knew the following spells:

 Your Spells              Type           Power      Damage    Failure   Level
a - Beastly Appendage     Tmut           86%        N/A       3%          1
b - Wereblood             Tmut           43%        N/A       3%          2
c - Spider Form           Tmut/Pois      40%        N/A       7%          3
d - Ice Form              Ice/Tmut       40%        N/A       14%         4
e - Ozocubu's Armour      Ice            37%        N/A       8%          3

Your spell library contained the following spells:

 Spells                   Type           Power      Damage    Failure   Level
 Corpse Rot               Necr/Air       74%        N/A       5%          2
 Poisonous Vapours        Pois/Air       74%        N/A       5%          2
 Frozen Ramparts          Ice            74%        1d9       8%          3
 Summon Ice Beast         Ice/Summ       37%        N/A       17%         4
 Metabolic Englaciation   Hex/Ice        18%        N/A       38%         5
 Simulacrum               Ice/Necr       18%        N/A       86%         6


Dungeon Overview and Level Annotations

Branches:
Dungeon (12/15)            Temple (1/1) D:7            Lair (0/6) D:11
    Orc (0/2) D:10

Altars:
Ashenzari
Cheibriados
Gozag
Hepliaklqana
Kikubaaqudgha
Makhleb
Nemelex Xobeh
Okawaru
Qazlal
Ru
Trog
Vehumet
Wu Jian
Xom
Yredelemnul
The Shining One

Shops:
D:11 [

Portals:
Trove: D:11 (give 12 potions of heal wounds)

Annotations:
D:6 1 transporter, nickcage's ghost, amateur DrFE
D:9 2 runed translucent doors
D:10 3 runed translucent doors, xzight's ghost, journeyman GrFi
D:11 2 runed translucent doors, boopmooplesden's ghost, journeyman MiFi
D:12 exclusion: deep elf zephyrmancer


Innate Abilities, Weirdness & Mutations

You are a venomous arachnid creature.
You have poisonous fangs.
You are tiny and dextrous.
Your spellcasting is less reliable in this form.
Your armour is entirely melded.
You are incapable of wielding weapons or throwing items.
((You have very sharp teeth.))
Your uncanny sense of smell can sniff out nearby items.
Your experience applies equally to all skills.


Message History

The brown ugly thing completely misses you.
You bite the brown ugly thing!
The brown ugly thing is lightly wounded.
The brown ugly thing completely misses you.
You hit the brown ugly thing but do no damage.
The brown ugly thing is poisoned.
The brown ugly thing is lightly wounded.
The brown ugly thing misses you.
You hit the brown ugly thing but do no damage.
The brown ugly thing looks as sick as possible!
The brown ugly thing is moderately wounded.
You hit the brown ugly thing.
The brown ugly thing looks as sick as possible!
The brown ugly thing is moderately wounded.
The brown ugly thing pecks you! The acid corrodes you!
You are splashed with acid!
You bite the brown ugly thing!
The brown ugly thing looks as sick as possible!
The brown ugly thing is moderately wounded.
The brown ugly thing completely misses you.
You completely miss the brown ugly thing.
The brown ugly thing is moderately wounded.
The brown ugly thing pecks you!
You are splashed with acid!
You barely miss the brown ugly thing.
The brown ugly thing is heavily wounded.
The brown ugly thing completely misses you.
You hit the brown ugly thing.
The brown ugly thing looks as sick as possible!
The brown ugly thing is heavily wounded.
You bite the brown ugly thing!
The brown ugly thing is severely wounded.
The brown ugly thing pecks you!
* * * LOW HITPOINT WARNING * * *
The acid corrodes you!
You are splashed with acid!
* * * LOW HITPOINT WARNING * * *
You bite the brown ugly thing!
The brown ugly thing looks as sick as possible!
The brown ugly thing is severely wounded.
The brown ugly thing pecks you!
You die...

.# #.# ## #.# .#
#.# .# #####'#####
.# #.........#
.#######.........#
.......'.....>...#
.#######.........#
# .# #........s#.#
.# #.........u.#
.# #.........###
.# ########### ##


You could see a brown ugly thing (extremely poisoned).

Vanquished Creatures
  A boulder beetle (D:11)
  A two-headed ogre (D:11)
  A manticore (D:8)
  A kobold demonologist (D:10)
  An unseen horror (D:11)
  Maggie (D:10)
  A hornet (D:9)
  A guardian mummy (D:11)
  Sigmund (D:3)
  20 yaks
  4 vampire mosquitoes (D:12)
  A steam dragon (D:8)
  A warg (D:10)
  2 water moccasins
  A sky beast (D:6)
  2 orc warriors
  2 black bears
  2 ice beasts
  3 ogres
  6 centaurs
  2 bullfrogs
  2 scorpions
  A gnoll sergeant (D:11)
  11 killer bees
  16 wights
  9 howler monkeys
  3 centaur zombies
  A jelly (D:7)
  3 orc priests
  Crazy Yiuf (D:2)
  An iguana (D:6)
  Terence (D:3)
  8 orc wizards
  A hound skeleton (D:4)
  5 gnolls (D:11)
  2 howler monkey skeletons (D:5)
  8 adders
  2 white imps (D:6)
  4 worms
  23 orcs
  2 endoplasms
  2 hobgoblins
  2 jackals (D:1)
  3 quokkas
  4 ball pythons
  3 bats (D:2)
  3 frilled lizards
  8 kobolds
  2 rats
186 creatures vanquished.

Notes
Turn   | Place    | Note
-------+----------+-------------------------------------------
     0 | D:1      | Woods the Gnoll Transmuter began the quest for the Orb.
     0 | D:1      | Reached XP level 1. HP: 17/17 MP: 6/6
    23 | D:1      | Found a faded altar of an unknown god.
  1247 | D:2      | Reached XP level 2. HP: 16/23 MP: 5/7
  1513 | D:2      | Reached skill level 5 in Spellcasting
  1513 | D:2      | Reached XP level 3. HP: 17/28 MP: 6/9
  1959 | D:2      | Found a runed translucent door.
  1960 | D:2      | Noticed Crazy Yiuf
  1998 | D:2      | Learned a level 2 spell: Wereblood
  2002 | D:2      | Learned a level 3 spell: Spider Form
  2009 | D:2      | Killed Crazy Yiuf
  2010 | D:2      | Reached skill level 1 in Short Blades
  2010 | D:2      | Reached skill level 1 in Long Blades
  2010 | D:2      | Reached skill level 1 in Axes
  2010 | D:2      | Reached skill level 1 in Maces & Flails
  2010 | D:2      | Reached skill level 1 in Polearms
  2010 | D:2      | Reached skill level 1 in Staves
  2010 | D:2      | Reached skill level 1 in Slings
  2010 | D:2      | Reached skill level 1 in Bows
  2010 | D:2      | Reached skill level 1 in Crossbows
  2010 | D:2      | Reached skill level 1 in Throwing
  2010 | D:2      | Reached skill level 1 in Armour
  2010 | D:2      | Reached skill level 1 in Stealth
  2010 | D:2      | Reached skill level 1 in Shields
  2010 | D:2      | Reached skill level 1 in Invocations
  2010 | D:2      | Reached skill level 1 in Evocations
  2010 | D:2      | Reached XP level 4. HP: 14/34 MP: 7/11
  3046 | D:2      | Reached skill level 1 in Conjurations
  3046 | D:2      | Reached skill level 1 in Hexes
  3046 | D:2      | Reached skill level 1 in Summonings
  3046 | D:2      | Reached skill level 1 in Necromancy
  3046 | D:2      | Reached skill level 1 in Translocations
  3046 | D:2      | Reached skill level 1 in Fire Magic
  3046 | D:2      | Reached skill level 1 in Ice Magic
  3046 | D:2      | Reached skill level 1 in Air Magic
  3046 | D:2      | Reached skill level 1 in Earth Magic
  3046 | D:2      | Reached skill level 1 in Poison Magic
  3207 | D:3      | Noticed Terence
  3219 | D:3      | Killed Terence
  3220 | D:3      | Reached XP level 5. HP: 23/40 MP: 8/12
  3369 | D:3      | Found a stormy altar of Qazlal.
  3556 | D:3      | Noticed Sigmund
  3576 | D:3      | Killed Sigmund
  3577 | D:3      | Reached XP level 6. HP: 21/47 MP: 11/14
  4020 | D:3      | Found a broken altar of Ashenzari.
  4437 | D:4      | Reached skill level 5 in Dodging
  5074 | D:4      | Reached XP level 7. HP: 52/52 MP: 11/15
  5316 | D:5      | Entered Level 5 of the Dungeon
  5329 | D:5      | Reached skill level 7 in Unarmed Combat
  5727 | D:5      | Reached XP level 8. HP: 58/60 MP: 16/16
  6863 | D:6      | Found a transporter.
  6863 | D:6      | Identified the +6 giant spiked club "Ajitit" {drain, MP+9
                  | SInv}
  6863 | D:6      | Identified the +5 dire flail "Picoim" {vorpal, *Noise rCorr
                  | Int+4 SInv}
  6863 | D:6      | Noticed a two-headed ogre
  6863 | D:6      | Noticed nickcage's ghost (amateur DrFE)
  9232 | D:7      | Found a staircase to the Ecumenical Temple.
  9366 | Temple   | Entered the Ecumenical Temple
  9440 | Temple   | Became a worshipper of Cheibriados the Contemplative
  9495 | D:7      | Reached skill level 5 in Transmutations
  9495 | D:7      | Reached XP level 9. HP: 66/66 MP: 14/18
  9939 | D:8      | Reached skill level 5 in Fighting
 10213 | D:8      | Reached skill level 8 in Unarmed Combat
 10231 | D:8      | Reached skill level 5 in Invocations
 10680 | D:8      | Reached XP level 10. HP: 63/74 MP: 17/20
 10684 | D:8      | Reached * piety under Cheibriados
 10698 | D:8      | Reached skill level 5 in Short Blades
 10698 | D:8      | Reached skill level 5 in Long Blades
 10698 | D:8      | Reached skill level 5 in Axes
 10698 | D:8      | Reached skill level 5 in Maces & Flails
 10698 | D:8      | Reached skill level 5 in Polearms
 10698 | D:8      | Reached skill level 5 in Staves
 10698 | D:8      | Reached skill level 5 in Slings
 10698 | D:8      | Reached skill level 5 in Bows
 10698 | D:8      | Reached skill level 5 in Crossbows
 10698 | D:8      | Reached skill level 5 in Throwing
 10698 | D:8      | Reached skill level 5 in Armour
 10698 | D:8      | Reached skill level 5 in Stealth
 10698 | D:8      | Reached skill level 5 in Shields
 10698 | D:8      | Reached skill level 5 in Evocations
 10876 | D:8      | Noticed a manticore
 11176 | D:8      | HP: 2/76 [barbs]
 11559 | D:9      | Paralysed by a hornet for 1 turns
 11804 | D:8      | Killed a manticore
 11804 | D:8      | Reached ** piety under Cheibriados
 12041 | D:8      | Learned a level 4 spell: Ice Form
 13241 | D:9      | Found a runed translucent door.
 13241 | D:9      | Noticed a fire dragon
 13243 | D:9      | Noticed an ice dragon
 13243 | D:9      | Noticed a fire dragon
 13243 | D:9      | Found the +2 shield of Resistance {rF++ rC++ Will++}
 13247 | D:9      | Noticed an ice dragon
 13249 | D:9      | Found a runed translucent door.
 13952 | D:10     | Entered Level 10 of the Dungeon
 14076 | D:10     | Reached XP level 11. HP: 70/83 MP: 22/22
 14339 | D:10     | Found an opulent altar of Gozag.
 14531 | D:10     | Reached skill level 9 in Unarmed Combat
 14543 | D:10     | Found a runed translucent door.
 14589 | D:10     | Found a large runed translucent door.
 14590 | D:10     | Found a large runed translucent door.
 14593 | D:10     | Noticed xzight's ghost (journeyman GrFi)
 14662 | D:10     | Reached *** piety under Cheibriados
 14743 | D:10     | Reached skill level 5 in Conjurations
 14743 | D:10     | Reached skill level 5 in Hexes
 14743 | D:10     | Reached skill level 5 in Summonings
 14743 | D:10     | Reached skill level 5 in Necromancy
 14743 | D:10     | Reached skill level 5 in Translocations
 14743 | D:10     | Reached skill level 5 in Fire Magic
 14743 | D:10     | Reached skill level 5 in Ice Magic
 14743 | D:10     | Reached skill level 5 in Air Magic
 14743 | D:10     | Reached skill level 5 in Earth Magic
 14743 | D:10     | Reached skill level 5 in Poison Magic
 14861 | D:10     | Found a staircase to the Orcish Mines.
 15316 | D:10     | Noticed Maggie
 15342 | D:10     | Killed Maggie
 16052 | D:10     | Noticed a purple ugly thing
 16053 | D:10     | Noticed a stone giant
 16681 | D:11     | Found a portal to a secret trove of treasure.
 16851 | D:11     | Reached **** piety under Cheibriados
 16957 | D:11     | Noticed a boulder beetle
 17012 | D:11     | Found Zuteykou's Antique Armour Shop.
 17057 | D:11     | Found a staircase to the Lair.
 17057 | D:11     | Noticed a death yak
 17057 | D:11     | Noticed a death yak
 17084 | D:11     | Killed a boulder beetle
 17524 | D:11     | Noticed a death yak
 17530 | D:11     | Noticed a death yak
 17582 | D:11     | Noticed a death yak
 17584 | D:11     | Noticed a death yak
 17645 | D:11     | Noticed a two-headed ogre
 17704 | D:11     | Killed a two-headed ogre
 18034 | D:11     | Found a runed translucent door.
 18035 | D:11     | Noticed a skeletal warrior
 18036 | D:11     | Noticed a stone giant
 18037 | D:11     | Noticed a necromancer
 18037 | D:11     | Noticed a centaur warrior
 18038 | D:11     | Noticed a lich
 18038 | D:11     | Noticed a frost giant
 18039 | D:11     | Noticed boopmooplesden's ghost (journeyman MiFi)
 18041 | D:11     | Found a runed translucent door.
 18213 | D:12     | Learned a level 3 spell: Ozocubu's Armour
 18218 | D:12     | Noticed a brown ugly thing
 18221 | D:12     | Noticed a deep elf zephyrmancer
 18391 | D:12     | Mangled by a brown ugly thing

Illustrated notes

Levels and vault maps discovered:
D:1:      evilmike_arrival_plus, layout_basic,
          hellmonk_ecumenical_altar_arch_garden, serial_aquarium,
          aquarium_bridge_long_joined [aquarium_subvault_bridge,
          aquarium_subvault_bridge, aquarium_subvault_balcony,
          aquarium_subvault_balcony, aquarium_subvault_window,
          aquarium_subvault_wall], aquarium_bridge_square
          [aquarium_subvault_window, aquarium_subvault_bridge,
          aquarium_subvault_window, aquarium_subvault_wall], aquarium_window_3,
          aquarium_window_corner, aquarium_window_1, aquarium_window_1,
          aquarium_view_2d, aquarium_view_2d, aquarium_balcony_double_4,
          hangedman_decor_push, minivault_14
D:2:      layout_basic, minmay_pentomino_o2, uniq_crazy_yiuf_cottage
D:3:      layout_loops_ring, ashenzari_conservatory_becter,
          mainiacjoe_overflow_brackets, nrook_mini_vaults, uniq_sigmund,
          uniq_terence
D:4:      layout_cave_pods
D:5:      layout_basic, chequers_serial_rivers_small_3
D:6:      layout_loops_ring, gammafunk_ghost_smash
D:7:      nicolae_cairo_tiling_large, layout_basic,
          minmay_temple_entry_enclosed_plants
D:8:      minmay_general_purpose_star, layout_loops_ring
D:9:      layout_long_grid, minmay_guarded_unrand_resistance
D:10:     layout_loops_corners, mainiacjoe_overflow_six_doors_small,
          david_orc_3, ebering_ghost_disaster_area, columned_hall_lemuel,
          roderic_lattice_a, minmay_misc_feat_plants, wad_hexagon, uniq_maggie
D:11:     layout_layer_cave, dpeg_lair_monsters, serial_shops, shop_fountains,
          muffindrake_ghost_dual_entry, nicolae_trove_entry_path_of_doom
D:12:     layout_roguey, minmay_guarded_unrand_prune, uniq_psyche
Temple:   mainiacjoe_temple_bowtie_tessellation

Skill      XL: |  1  2  3  4  5  6  7  8  9 10 11 |
---------------+----------------------------------+-----
Spellcasting   | 5 6 7 8 |  8.3
Short Blades   | 1 2 3 4 5 6 |  6.5
Long Blades    | 1 2 3 4 5 6 |  6.5
Axes           | 1 2 3 4 5 6 |  6.5
Maces & Flails | 1 2 3 4 5 6 |  6.5
Polearms       | 1 2 3 4 5 6 |  6.5
Staves         | 1 2 3 4 5 6 |  6.5
Slings         | 1 2 3 4 5 6 |  6.5
Bows           | 1 2 3 4 5 6 |  6.5
Crossbows      | 1 2 3 4 5 6 |  6.5
Throwing       | 1 2 3 4 5 6 |  6.5
Armour         | 1 2 3 4 5 6 |  6.5
Stealth        | 1 2 3 4 5 6 |  6.5
Shields        | 1 2 3 4 5 6 |  6.5
Invocations    | 1 2 3 4 5 6 7 |  7.1
Evocations     | 1 2 3 4 5 6 |  6.5
Conjurations   | 1 2 3 4 5 |  5.4
Hexes          | 1 2 3 4 5 |  5.4
Summonings     | 1 2 3 4 5 |  5.4
Necromancy     | 1 2 3 4 5 |  5.4
Translocations | 1 2 3 4 5 |  5.4
Fire Magic     | 1 2 3 4 5 |  5.4
Ice Magic      | 1 2 3 4 5 |  5.4
Air Magic      | 1 2 3 4 5 |  5.4
Earth Magic    | 1 2 3 4 5 |  5.4
Poison Magic   | 1 2 3 4 5 |  5.4
Fighting       | 3 4 5 6 7 |  7.0
Transmutations | 4 5 6 |  6.7
Dodging        | 5 6 7 8 |  8.0
Unarmed Combat | 7 8 9 |  9.3

Action                   |  1- 3 |  4- 6 |  7- 9 | 10-12 || total
-------------------------+-------+-------+-------+-------++-------
Melee: Unarmed           |    43 |   117 |   241 |   378 ||   779
       Headbutt          |     9 |    14 |    21 |     7 ||    51
       Kick              |    13 |    22 |    31 |    13 ||    79
       Bite              |     4 |     6 |    14 |     6 ||    30
       Punch             |       |     3 |     7 |     1 ||    11
 Cast: Beastly Appendage |    11 |    18 |    14 |     7 ||    50
       Spider Form       |     1 |     3 |    17 |    30 ||    51
       Wereblood         |       |     1 |     4 |     9 ||    14
       Ozocubu's Armour  |       |       |       |     1 ||     1
 Abil: End Transformatio |       |       |     1 |     1 ||     2
  Use: Scroll            |       |       |     6 |     7 ||    13
       Potion            |       |       |       |     3 ||     3
 Stab: Sleeping          |       |     1 |     2 |     5 ||     8
Armor: Robe              |     7 |    26 |    21 |       ||    54
       Skin              |       |       |     3 |    24 ||    27
       Steam dragon scal |       |       |       |    12 ||    12
Dodge: Dodged            |    27 |    80 |   184 |   505 ||   796
